 Dungeon Crawl Stone Soup version 0.31-a0-177-g4aa6249778 (webtiles) character file.

Game seed: 5846908731908944029

69 qw the Chopper (level 4, -1/28 HPs)
             Began as a Gargoyle Fighter on June 18, 2023.
             Slain by Robin
             ... wielding a +0 trident
              (4 damage)
             ... on level 2 of the Dungeon.
             The game lasted 00:00:30 (1161 turns).

qw the Chopper (Gargoyle Fighter)                   Turns: 1161, Time: 00:00:31

Health: -1/28      AC: 10    Str: 21    XL:     4   Next: 20%
Magic:  4/4        EV:  9    Int: 12    God:
Gold:   66         SH:  4    Dex:  8    Spells: 3/3 levels left

rFire   . . .        Y - +0 war axe
rCold   . . .        c - +0 buckler
rNeg    + . .        b - +0 scale mail
rPois   inf          (no helmet)
rElec   +            (no cloak)
rCorr   .            (no gloves)
SInv    .            (no boots)
Will    .....        (no amulet) Stlth
                     (no ring)
HPRegen 0.24/turn    (no ring)
MPRegen 0.09/turn

%: clarity
@: no status effects
A: sickness immunity, AC +3, negative energy resistance 1, electricity
resistance, torment resistance 1, petrification resistance, hooves 1, clarity,
clever 1
a: no special abilities


You were on level 2 of the Dungeon.
You visited 1 branch of the dungeon, and saw 2 of its levels.

You collected 66 gold pieces.


Innate Abilities, Weirdness & Mutations

You are immune to sickness and miasma.
Your stone body is resilient. (AC +3)
You are immune to poison.
You resist negative energy. (rN+)
You are resistant to electric shocks. (rElec)
You are resistant to unholy torment.
You are immune to petrification.
You have large cloven feet.
You possess an exceptional clarity of mind.
Your mind is acute. (Int +4, Str/Dex -1)


   Skills:
 - Level 3.2 Fighting
 + Level 4.0 Axes
 - Level 3.2 Armour
 - Level 3.2 Shields


You had 3 spell levels left.
You didn't know any spells.
Your spell library was empty.

Inventory:

Hand Weapons
 g - a +0 club
 Y - a +0 war axe (weapon)
Armour
 b - a +0 scale mail (worn)
 c - a +0 buckler (worn)
Potions
 d - 2 potions of might
 h - a potion of degeneration {unknown}
 j - a potion of berserk rage {unknown}

Dungeon Overview and Level Annotations

Branches:
Dungeon (2/15)

Altars:

Annotations:
D:2 Robin


Message History

You barely miss the goblin. You kick the goblin.
The goblin is heavily wounded.
You hit the goblin.
You kill the goblin!
The goblin hits you with a +0 dagger.
You closely miss the goblin. You kick the goblin.
You kill the goblin!
You closely miss the rat. You block the rat's attack.
The rat completely misses you. Robin throws the goblin at you!
You completely miss the goblin. You closely miss the rat.
The goblin hits you but does no damage. The rat bites you but does no damage.
You barely miss the goblin. You slash the rat!
You kill the rat!
The goblin hits you but does no damage.
You slash the goblin!
You kill the goblin!
You barely miss the frilled lizard.
The frilled lizard bites you but does no damage. x2
Robin hits you but does no damage.
Your Axes skill increases to level 4!
You closely miss the frilled lizard. Your kick misses the frilled lizard.
The frilled lizard bites you but does no damage.
Robin hits you from afar with a +0 trident.
You barely miss the frilled lizard. You block Robin's attack.
The frilled lizard bites you but does no damage.
You miss the frilled lizard. You kick the frilled lizard.
The frilled lizard is heavily wounded.
Robin hits you from afar with a +0 trident.
The frilled lizard bites you.
The frilled lizard bites you but does no damage.
Robin barely misses you.
You closely miss the frilled lizard. Your kick misses the frilled lizard.
The frilled lizard is heavily wounded.
You block the frilled lizard's attack. Robin hits you but does no damage.
You slash the frilled lizard!
You kill the frilled lizard!
Robin hits you from afar with a +0 trident.
You die...

.....# ....#
....# ... ...
#g# #)# #@####
#))..# ####.##
#..# #########
##.# #........
#.####........
#....#........
####.#........
#..........


You could see Robin.

Vanquished Creatures
  Natasha (D:2)
  2 dart slugs (D:1)
  4 ball pythons (D:1)
  2 bats (D:1)
  2 endoplasms (D:1)
  A giant cockroach (D:1)
  12 goblins
  5 hobgoblins
  2 frilled lizards
  4 kobolds (D:1)
  2 rats (D:2)
37 creatures vanquished.

Notes
Turn   | Place    | Note
-------+----------+-------------------------------------------
     0 | D:1      | qw the Gargoyle Fighter began the quest for the Orb.
     0 | D:1      | Reached XP level 1. HP: 14/14 MP: 1/1
     0 | D:1      | 0 ||| qw: Version: 0.3-a-5-g6f28e65
     0 | D:1      | 0 ||| qw: Game counter: 625
     0 | D:1      | 0 ||| qw: Always use a shield: true
     0 | D:1      | 0 ||| qw: God list: Okawaru
     0 | D:1      | 0 ||| qw: Allow faded altars: false
     0 | D:1      | 0 ||| qw: Do Orc after D:15 true
     0 | D:1      | 0 ||| qw: Do second Lair branch before Depths: true
     0 | D:1      | 0 ||| qw: Lair rune preference: random
     0 | D:1      | 0 ||| qw: Plans: Normal, Zot:1-4, Slime:5, God:TSO, Crypt,
                  | Tomb, Abyss, Pan, Hells, Win
     0 | D:1      | 0 ||| PLANNING D:1-11
    34 | D:1      | Reached skill level 2 in Axes
   113 | D:1      | Reached XP level 2. HP: 19/19 MP: 2/2
   182 | D:1      | 182 ||| Stepping ~*~*~tactically~*~*~ (hiding).
   183 | D:1      | 183 ||| Stepping ~*~*~tactically~*~*~ (hiding).
   310 | D:1      | 310 ||| Stepping ~*~*~tactically~*~*~ (hiding).
   524 | D:1      | 524 ||| Stepping ~*~*~tactically~*~*~ (hiding).
   533 | D:1      | Reached skill level 3 in Axes
   755 | D:1      | 755 ||| Stepping ~*~*~tactically~*~*~ (hiding).
   767 | D:1      | Reached XP level 3. HP: 23/23 MP: 3/3
   980 | D:1      | 980 ||| READING scroll labelled ZIEDYUNAJI.
   981 | D:1      | 981 ||| READING scroll labelled FOEKICE SAUVAL.
   982 | D:1      | 982 ||| DRINKING 2 fizzy dark potions.
   982 | D:1      | Gained mutation: You are frail. (-10% HP) [potion of
                  | mutation]
   982 | D:1      | Gained mutation: You are vulnerable to heat. (rF-) [potion
                  | of mutation]
   982 | D:1      | Gained mutation: Your body sometimes deteriorates upon
                  | taking damage. [potion of mutation]
   983 | D:1      | 983 ||| DRINKING potion of mutation.
   983 | D:1      | Lost mutation: Your body sometimes deteriorates upon taking
                  | damage. [potion of mutation]
   983 | D:1      | Lost mutation: You are vulnerable to heat. (rF-) [potion of
                  | mutation]
   983 | D:1      | Lost mutation: You are frail. (-10% HP) [potion of
                  | mutation]
   983 | D:1      | Gained mutation: Your mind is acute. (Int +4, Str/Dex -1)
                  | [potion of mutation]
   983 | D:1      | Gained mutation: You possess an exceptional clarity of
                  | mind. [potion of mutation]
   983 | D:1      | Gained mutation: You have large cloven feet. [potion of
                  | mutation]
  1086 | D:2      | Noticed Natasha
  1093 | D:2      | Killed Natasha
  1133 | D:2      | 1133 ||| Stepping ~*~*~tactically~*~*~ (stealth).
  1135 | D:2      | Noticed Robin
  1141 | D:2      | Reached XP level 4. HP: 20/28 MP: 4/4
  1157 | D:2      | Reached skill level 4 in Axes
  1159 | D:2      | HP: 3/28 [Robin/+0 trident (6)]
  1161 | D:2      | Slain by Robin

Levels and vault maps discovered:
D:1:      ldierk_walled_garden_2, layout_loops_ring
D:2:      minmay_wonky_spiral, layout_basic, basic_altar,
          chequers_serial_rivers_room_b, uniq_robin, uniq_natasha

Skill      XL: |  1  2  3  4 |
---------------+-------------+-----
Axes           | 2 3 4 |  4.0
Fighting       | |  3.2
Armour         | |  3.2
Shields        | |  3.2

Action                     |  1- 3 |  4- 6 || total
---------------------------+-------+-------++-------
  Melee: War axe           |    61 |    21 ||    82
         Kick              |     3 |     6 ||     9
    Use: Scroll            |     2 |       ||     2
         Potion            |     2 |       ||     2
 Armour: Scale mail        |    34 |    18 ||    52
  Dodge: Dodged            |    28 |    11 ||    39
  Block: Buckler           |    13 |     7 ||    20

Table legend:
 A = Non-vault XP
 B = Vault XP
 C = Vault XP percentage of total XP
 D = Non-vault monster count
 E = Vault monster count
 F = Vault count percentage of total count
                 A         B        C        D         E       F
            +---------+---------+-------+---------+---------+-------
      Total |      46 |      54 |  54.0 |      26 |      11 |  29.7
            +---------+---------+-------+---------+---------+-------
        D:1 |      41 |       0 |   0.0 |      22 |       0 |   0.0
        D:2 |       5 |      54 |  91.5 |       4 |      11 |  73.3
            +---------+---------+-------+---------+---------+-------
